cohdb
Replays
Latest Replays
All Replays
Popular Replays
Top Player Replays
Match Explorer
How It Works
Community
CoH3 Stats
Reddit
Sign in to upload your games and track your stats! →
Sign in with Steam
Match 40884134
Unlisted
Match 40884134
Overview
Messages
Build Orders
End
Construct Infanterie Kompanie
Selects Terror Battlegroup
MG 42 Machine Gun Team
MG 42 Machine Gun Team
Grenadier Squad
Selects Machine Gun Camouflage
Construct Luftwaffe Kompanie
Jäger Squad
Jäger Squad
Infanterie Officer Quarters
Support Elements
Jäger Squad
Marder III M Tank Destroyer
Luftwaffe Officer Quarters
Marder III M Tank Destroyer
Selects No Quarter
Selects No Quarter
dkluan92
pupil3030
(๑>◡<๑)
Gukbae
wila
Dan
[Streng-Geheim]
LittleFatty233
0
0
Comments
sign in to comment!
No comments posted yet!